 Dungeon Crawl Stone Soup version 0.27-a0-1188-g73eefd5def (webtiles) character file.

Game seed: 5347207176666443077

79 voltaire321 the Conjurer (level 4, -11/25 HPs)
             Began as a Kobold Conjurer on May 21, 2021.
             Mangled by a wyvern zombie (14 damage)
             ... on level 3 of the Dungeon.
             The game lasted 00:07:33 (3084 turns).

voltaire321 the Conjurer (Kobold Conjurer)          Turns: 3084, Time: 00:07:34

Health: -11/25     AC:  2    Str:  5    XL:     4   Next: 64%
Magic:  1/8        EV: 15    Int: 19    God:
Gold:   154        SH:  0    Dex: 13    Spells: 5/8 levels left

rFire    . . .     SeeInvis .   (weapon restricted)
rCold    . . .     Faith    .   (shield restricted)
rNeg     . . .     Spirit   .   a - +0 robe
rPois    .         Reflect  .   (no helmet)
rElec    .         Harm     .   (no cloak)
rCorr    .         Rampage  .   (no gloves)
Will     .....                  (no boots)
Stlth    +++.......             (no amulet)
HPRegen  0.08/turn              (no ring)
MPRegen  0.11/turn              (no ring)

@: no status effects
A: small, no large weapons, nightstalker 3
a: no special abilities


You were on level 3 of the Dungeon.
You visited 1 branch of the dungeon, and saw 3 of its levels.

You collected 154 gold pieces.

Inventory:

Armour
 a - a +0 robe (worn)
Jewellery
 i - a ring of willpower
Scrolls
 b - 2 scrolls of noise {unknown}
 d - a scroll of identify {unknown}
 g - a scroll of magic mapping {unknown}
Potions
 c - a potion of curing {unknown}
 e - a potion of degeneration {unknown}
 f - a potion of might {unknown}
 h - 2 potions of lignification {unknown}


   Skills:
 + Level 1.4 Fighting
 + Level 1.1 Armour
 + Level 3.0 Dodging
 + Level 3.5 Stealth
 + Level 2.6 Spellcasting
 + Level 4.2 Conjurations
 + Level 0.4 Fire Magic


You had 5 spell levels left.
You knew the following spells:

 Your Spells              Type           Power      Damage    Failure   Level
a - Magic Dart            Conj           72%        1d6       2%          1
b - Searing Ray           Conj           36%        3d4       4%          2

Your spell library contained the following spells:

 Spells                   Type           Power      Damage    Failure   Level
 Dazzling Flash           Conj/Hex       20%        N/A       21%         3
 Ignite Poison            Fire/Tmut/Pois 3%         N/A       41%         3
 Fulminant Prism          Conj/Hex       5%         3d7       54%         4
 Iskenderun's Mystic Bla  Conj/Tloc      10%        2d4       54%         4
 Fireball                 Conj/Fire      5%         3d5       86%         5
 Starburst                Conj/Fire      5%         8x6d4     100%        6
 Ignition                 Fire           2%         3d3       100%        8


Dungeon Overview and Level Annotations

Branches:
Dungeon (3/15)

Altars:
Xom
The Shining One

Annotations:
D:3 Sigmund


Innate Abilities, Weirdness & Mutations

You are small and have problems with some larger weapons.
You are completely attuned to the shadows.


Message History

The searing ray hits the wyvern zombie!
The wyvern zombie is heavily damaged.
The wyvern zombie bites you.
The searing ray hits the wyvern zombie!
The wyvern zombie is severely damaged.
The wyvern zombie closely misses you. The wyvern zombie bites you.
The searing ray hits the wyvern zombie!
The wyvern zombie is almost destroyed.
You finish channeling your searing ray.
The wyvern zombie bites you but does no damage.
Casting: Searing Ray (safe; 4% risk of failure)
Confirm with . or Enter, or press ? or * to list all spells.
Aiming: Searing Ray (safe; 4% risk of failure)
Press: ? - help, Shift-Dir - straight line, f/p - wyvern zombie
Aim: a wyvern zombie (almost destroyed, 92% to hit)
The searing ray misses the wyvern zombie. (Press . to maintain the ray.)
The wyvern zombie bites you.
Without enough magic to sustain it, your searing ray dissipates.
The wyvern zombie closely misses you.
Casting: Searing Ray (safe; 4% risk of failure)
Confirm with . or Enter, or press ? or * to list all spells.
You don't have enough magic to cast this spell.
Unknown command.
You barely miss the wyvern zombie.
The wyvern zombie is almost destroyed.
The wyvern zombie closely misses you. The wyvern zombie barely misses you.
You hit the wyvern zombie but do no damage.
The wyvern zombie is almost destroyed.
The wyvern zombie bites you.
You hit the wyvern zombie but do no damage.
The wyvern zombie is almost destroyed.
The wyvern zombie closely misses you.
You hit the wyvern zombie but do no damage.
The wyvern zombie is almost destroyed.
The wyvern zombie bites you!
* * * LOW HITPOINT WARNING * * *
The wyvern zombie bites you!
Ouch! That really hurt!
You die...

### #..⌠..P..# ..#
#.^.....######.#
#.#..#### #....#
#.#### ###.#..##
####.#######...#...#
.............#.###.#
###..####....#.....#
##.. #..#.###.###
#.#)#...#...@.#
#...#.#.###Z#.#
...#.# #.###.# .. .#


You could see a wyvern zombie.

Vanquished Creatures
  4 adders (D:2)
  2 dart slugs
  5 ball pythons
  2 endoplasms
  3 giant cockroaches
  7 goblins
  A hobgoblin (D:1)
  6 jackals
  A bat (D:1)
  4 frilled lizards
  A kobold (D:2)
  2 rats
38 creatures vanquished.

Notes
Turn   | Place    | Note
-------+----------+-------------------------------------------
     0 | D:1      | voltaire321 the Kobold Conjurer began the quest for the
                  | Orb.
     0 | D:1      | Reached XP level 1. HP: 10/10 MP: 3/3
   434 | D:1      | Reached XP level 2. HP: 16/16 MP: 0/5
   821 | D:1      | Found Cueneum's Assorted Antiques.
  1027 | D:2      | Reached XP level 3. HP: 20/20 MP: 1/6
  1084 | D:2      | Learned a level 2 spell: Searing Ray
  1355 | D:2      | Reached skill level 1 in Fighting
  1635 | D:2      | Found a faded altar of an unknown god.
  1649 | D:2      | Reached XP level 4. HP: 17/25 MP: 0/7
  2150 | D:2      | Reached skill level 1 in Armour
  2603 | D:2      | Found a shimmering altar of Xom.
  2735 | D:3      | Noticed Sigmund
  3043 | D:3      | Found a glowing golden altar of the Shining One.
  3084 | D:3      | Mangled by a wyvern zombie

Illustrated notes

Levels and vault maps discovered:
D:1:      wander_arrival_chamber, layout_rooms, serial_shops, shop
D:2:      layout_basic, basic_altar, hellmonk_ecumenical_altar_leap_of_faith
D:3:      minmay_razor_zed, layout_rooms, tso_oasis_becter,
          hangedman_abyss_or_decor_stabs, uniq_sigmund

Skill      XL: |  1  2  3  4 |
---------------+-------------+-----
Stealth        | 3 |  3.5
Fighting       | 1 |  1.4
Dodging        | 3 |  3.0
Armour         | 1 |  1.1
Spellcasting   | |  2.6
Conjurations   | |  4.2
Fire Magic     | |  0.4

Action                   |  1- 3 |  4- 6 || total
-------------------------+-------+-------++-------
Melee: Unarmed           |     7 |     4 ||    11
 Cast: Magic Dart        |    51 |    27 ||    78
       Searing Ray       |     1 |     3 ||     4
Armor: Robe              |     2 |     2 ||     4
Dodge: Dodged            |    19 |    10 ||    29

Table legend: (Time is in decaauts)
 A = Elapsed time spent in this place.
 B = Non-inter-level travel time spent in this place.
 C = Inter-level travel time spent in this place.
 D = Time resting spent in this place.
 E = Time spent auto-exploring this place.
 F = Levels seen in this place.
 G = Mean time per level.
                   A        B        C        D        E       F      G
               +--------+--------+--------+--------+--------+-----+--------+
         Total |   3083 |   3011 |     72 |   1056 |   1533 |   3 | 1027.7 |
       Dungeon |   3083 |   3011 |     72 |   1056 |   1533 |   3 | 1027.7 |
               +--------+--------+--------+--------+--------+-----+--------+

Top non-repeatable levels by time:
     D:2: 1655 daAuts
     D:1: 1011 daAuts
     D:3: 416 daAuts
